 Dungeon Crawl Stone Soup version 0.29.0-11-gd7f09526c8 (webtiles) character file.

Game seed: 15292477734713177207

10220 Gabide the Fighter (level 11, -2/87 (97) HPs)
             Began as a Formicid Berserker on Sept 3, 2022.
             Was a High Priest of Trog.
             Killed from afar by Josephine (23 damage)
             ... with a ghostly fireball
             ... on level 10 of the Dungeon on Sept 4, 2022.
             The game lasted 00:31:45 (9620 turns).

Gabide the Fighter (Formicid Berserker)             Turns: 9620, Time: 00:31:45

HP:   -2/87 (97)    AC: 12    Str: 26    XL:     11   Next: 88%
MP:   11/11         EV: 13    Int:  7    God:    Trog [*****.]
Gold: 485           SH:  0    Dex: 23    Spells: 10/10 levels left

rFire   . . .      SeeInvis +   b - +8 whip "Wopatust" {freeze, Will++ Dex+4}
rCold   . . .      Faith    .   (no shield)
rNeg    . . .      Spirit   .   t - +1 chain mail {rPois}
rPois   +          Reflect  .   (helmet unavailable)
rElec   .          Harm     .   s - +2 cloak
rCorr   .          Rampage  .   (no gloves)
Will    +++..                   (no boots)
Stlth   ..........              (no amulet)
HPRegen 0.24/turn               r - +6 ring of dexterity
MPRegen 0.12/turn               v - ring of flight

@: flying, studying Maces & Flails, heavily drained
A: permanent stasis, dig shafts and tunnels, antennae 3, four strong arms
a: Dig, Shaft Self, Renounce Religion, Trog's Hand, Brothers in Arms


You were on level 10 of the Dungeon.
You worshipped Trog.
Trog was extremely pleased with you.
You visited 1 branch of the dungeon, and saw 10 of its levels.

You collected 551 gold pieces.
You spent 66 gold pieces at shops.

Inventory:

Hand Weapons
 b - the +8 whip "Wopatust" (weapon) {freeze, Will++ Dex+4}
   (You found it on level 2 of the Dungeon)

   It freezes those it strikes, dealing additional cold damage.
   It can also slow down cold-blooded creatures.
   Dex:       It affects your dexterity (+4).
   Will:      It greatly increases your willpower.
 h - a +0 giant spiked club
 x - a +2 demon blade of flaming
 B - a +3 dire flail of protection
Missiles
 c - 3 boomerangs
 g - 3 throwing nets
 j - 3 javelins (quivered)
 z - 3 curare-tipped darts
Armour
 f - a +2 ring mail
 s - a +2 cloak (worn)
 t - a +1 chain mail of poison resistance (worn)
 C - a +1 scale mail of cold resistance
Jewellery
 r - a +6 ring of dexterity (left hand)
 v - a ring of flight (right hand)
Wands
 d - a wand of polymorph (8)
Scrolls
 e - 4 scrolls of immolation
 k - a scroll of blinking {unknown}
 m - a scroll of fog
 n - 3 scrolls of noise
 p - a scroll of amnesia {unknown}
 u - a scroll of poison
 y - a scroll of magic mapping {unknown}
Potions
 l - 3 potions of attraction
 o - a potion of curing
 w - a potion of mutation {unknown}


   Skills:
 * Level 12.8 Fighting
 * Level 12.6 Maces & Flails
 - Level 2.1 Armour
 + Level 7.5 Dodging


You had 10 spell levels left.
You didn't know any spells.
Your spell library was empty.

Dungeon Overview and Level Annotations

Branches:
Dungeon (10/15)            Temple (0/1) D:6            Lair (0/5) D:10
    Orc: D:9-12

Altars:
Ashenzari
Gozag
Kikubaaqudgha
Qazlal
Trog
Uskayaw
Xom

Shops:
D:1 ?[   D:4 [   D:8 (

Annotations:
D:4 3 runed translucent doors, paps's ghost, novice OpDe
D:5 3 runed translucent doors, paps's ghost, amateur OpDe
D:10 Josephine


Innate Abilities, Weirdness & Mutations

You cannot be hasted, slowed, berserked, paralysed or teleported.
You can dig through walls and to a lower floor.
You have a pair of large antennae on your head. (SInv)
Your four strong arms can wield two-handed weapons with a shield.


Message History

A nearby plant withers and dies.
The hornet stings your two-headed ogre!
Your two-headed ogre seems to slow down.
Your two-headed ogre hits the hornet with a +0 dire flail!!!
The hornet dies!
Trog accepts your kill.
Okay, then.
Unknown command.
Unknown command.
Unknown command.
Unknown command.
Found a stone staircase leading down.
A shadow comes into view.
Josephine points at you and mumbles some strange words.
The ghostly flame explodes!
The ghostly fireball engulfs you!!
You feel drained.
* * * LOW HITPOINT WARNING * * *
The ghostly fireball engulfs the plant!!!
The plant is drained!
The plant begins to die.
You feel much better.
You hear an angry hiss.
The air fills with toxic fumes!
As you read the scroll of poison, it crumbles to dust.
Josephine hits you with a +2 dagger of distortion!
* * * LOW HITPOINT WARNING * * *
Space warps around you.
* * * LOW HITPOINT WARNING * * *
You barely miss Josephine.
Your two-headed ogre is engulfed in poison gas.
Your two-headed ogre is poisoned.
Your two-headed ogre hits Josephine with a +0 dire flail!!
Your two-headed ogre barely misses Josephine.
You whack Josephine! You freeze Josephine.
Josephine is severely wounded.
The wraith hits your two-headed ogre.
The wraith drains your two-headed ogre's vigour!
Your two-headed ogre seems to slow down.
Josephine casts a spell at you.
The ghostly flame explodes!
The ghostly fireball engulfs you!!
You feel drained.
You die...

.... ...#. §§§...
§§§.. .§ ..###§§... §#
.§§§§.#. #W #.§§# .#
#§##W§§##§#
#§§OP§P§§§#
#§§§@§P§§§#
#§§@P§PP§§#
#§##§§P##§##+###
#..#§§§#..#....#
.#..§§§§§#.....#
......###§§§§....#
.........§§§§....+
..........§#§....#
...........#.##..#
.....#######.##..#####


You could see Josephine (ally target), a wraith, a shadow and a friendly
two-headed ogre (summoned, berserk, poisoned, slow).

Vanquished Creatures
  The ghost of Anamonty the Changer, a novice NaTm of Kikubaaqudgha (D:9)
  A spectral wolf spider (D:9)
  Pikel (D:7)
  A deep elf pyromancer (D:9)
  2 centaur zombies (D:9)
  A spectral centaur (D:9)
  Grinder (D:6)
  Sigmund (D:7)
  A wraith (D:10)
  A centaur simulacrum (D:9)
  Eustachio (D:6)
  12 yaks
  An acid dragon (D:9)
  Edmund (D:7)
  3 water moccasins
  2 orc warriors
  A boggart (D:5)
  3 black bears
  2 ogres
  2 centaurs
  A lemure (D:7)
  2 bullfrogs
  4 kobold brigands
  4 scorpions
  A necrophage (D:7)
  5 wights (D:9)
  8 killer bees
  An electric eel (D:7)
  5 howler monkeys
  Crazy Yiuf (D:4)
  4 hounds
  6 orc priests
  A gnoll bouda (D:8)
  2 jellies
  3 iguanas
  Ijyb (D:5)
  10 orc wizards
  5 adders
  9 gnolls (D:8)
  A white imp (D:5)
  2 worms
  4 dart slugs
  24 orcs
  6 bats
  4 endoplasms
  A giant cockroach (D:3)
  11 goblins
  5 hobgoblins
  7 jackals
  24 kobolds
  2 quokkas
  5 ball pythons
  4 frilled lizards
  4 rats
216 creatures vanquished.

Vanquished Creatures (collateral kills)
  An oklob plant (D:10)
  A hornet (D:10)
  A wraith (D:10)
  A meliai simulacrum (D:9)
4 creatures vanquished.

Vanquished Creatures (others)
  10 plants
10 creatures vanquished.

Grand Total: 230 creatures vanquished

Notes
Turn   | Place    | Note
-------+----------+-------------------------------------------
     0 | D:1      | Gabide the Formicid Berserker began the quest for the Orb.
     0 | D:1      | Reached XP level 1. HP: 18/18 MP: 1/1
   206 | D:1      | Found Febuc's Armour Emporium.
   268 | D:1      | Found a faded altar of an unknown god.
   332 | D:1      | Reached XP level 2. HP: 17/24 MP: 2/2
   536 | D:1      | Found Giyqufif's Magic Scroll Shop.
   562 | D:1      | Reached XP level 3. HP: 24/30 MP: 3/3
   624 | D:1      | Bought a scroll of identify for 22 gold pieces
   624 | D:1      | Bought a scroll of identify for 22 gold pieces
   624 | D:1      | Bought a scroll of identify for 22 gold pieces
   903 | D:2      | Reached ** piety under Trog
  1083 | D:2      | Identified the +8 whip "Wopatust" {freeze, Will++ Dex+4}
  1243 | D:2      | Reached XP level 4. HP: 37/37 MP: 4/4
  2220 | D:4      | Reached XP level 5. HP: 43/43 MP: 5/5
  2306 | D:4      | Noticed an ice beast
  2409 | D:4      | Found a runed translucent door.
  2410 | D:4      | Noticed Crazy Yiuf
  2428 | D:4      | Noticed paps's ghost (novice OpDe)
  2442 | D:4      | Found a runed translucent gate.
  2442 | D:4      | Found a runed translucent gate.
  2442 | D:4      | Found a runed translucent gate.
  2492 | D:4      | Found Oxzuzin's Antique Armour Boutique.
  2552 | D:4      | Found a shimmering altar of Xom.
  2625 | D:4      | Reached skill level 5 in Fighting
  2632 | D:4      | Reached XP level 6. HP: 48/51 MP: 6/6
  2873 | D:4      | Killed Crazy Yiuf
  2951 | D:5      | Entered Level 5 of the Dungeon
  3008 | D:5      | Noticed Ijyb
  3019 | D:5      | Killed Ijyb
  3071 | D:5      | Reached skill level 5 in Maces & Flails
  3073 | D:5      | Reached *** piety under Trog
  3074 | D:5      | Reached XP level 7. HP: 51/57 MP: 7/7
  3489 | D:5      | Found a runed translucent gate.
  3489 | D:5      | Found a runed translucent gate.
  3489 | D:5      | Found a runed translucent gate.
  3490 | D:5      | Found an opulent altar of Gozag.
  3491 | D:5      | Noticed paps's ghost (amateur OpDe)
  3617 | D:5      | Reached XP level 8. HP: 24/65 MP: 8/8
  4517 | D:6      | Found a staircase to the Ecumenical Temple.
  4747 | D:6      | Noticed Grinder
  4773 | D:6      | Killed Grinder
  4937 | D:6      | Reached XP level 9. HP: 74/74 MP: 9/9
  5050 | D:6      | Found a broken altar of Ashenzari.
  5050 | D:6      | Found an ancient bone altar of Kikubaaqudgha.
  5082 | D:6      | Noticed Eustachio
  5083 | D:6      | Noticed a troll
  5105 | D:6      | a troll changed into a black bear
  5122 | D:6      | Killed Eustachio
  5774 | D:7      | Reached skill level 5 in Dodging
  5999 | D:7      | Found a stormy altar of Qazlal.
  6101 | D:7      | Reached **** piety under Trog
  6201 | D:7      | Noticed Pikel
  6217 | D:7      | Killed Pikel
  6218 | D:7      | Reached XP level 10. HP: 33/85 MP: 10/10
  6516 | D:7      | Noticed a +0 short sword
  6516 | D:7      | Noticed a +0 dagger
  6518 | D:7      | Noticed a +0 spear
  6519 | D:7      | Noticed a +0 dagger
  6520 | D:7      | Noticed a +0 spear
  6522 | D:7      | Noticed a +0 falchion
  6522 | D:7      | Noticed a +0 falchion
  6522 | D:7      | Noticed a +0 short sword
  6528 | D:7      | Found a hide-covered altar of Uskayaw.
  6624 | D:7      | Noticed Edmund
  6640 | D:7      | Killed Edmund
  6706 | D:7      | Noticed Sigmund
  6716 | D:7      | Killed Sigmund
  6717 | D:7      | Reached skill level 10 in Fighting
  7695 | D:8      | Found Zokykhy's Weapon Shop.
  7892 | D:9      | Reached ***** piety under Trog
  7898 | D:9      | Noticed Anamonty's ghost (novice NaTm)
  7935 | D:9      | Found a runed translucent gate.
  7936 | D:9      | Found a runed translucent gate.
  7936 | D:9      | Found a runed translucent gate.
  7936 | D:9      | Noticed a spectral wolf spider
  7938 | D:9      | Noticed a spectral centaur warrior
  7954 | D:9      | Killed a spectral wolf spider
  7955 | D:9      | Reached skill level 10 in Maces & Flails
  7961 | D:9      | Killed a spectral centaur warrior
  7976 | D:9      | Killed Anamonty's ghost
  7977 | D:9      | Reached XP level 11. HP: 39/93 MP: 11/11
  8468 | D:9      | Found a bloodstained altar of Trog.
  9037 | D:9      | Noticed a deep elf pyromancer
  9065 | D:9      | Killed a deep elf pyromancer
  9349 | D:10     | Entered Level 10 of the Dungeon
  9543 | D:10     | Noticed an oklob plant
  9544 | D:10     | Found a staircase to the Lair.
  9606 | D:10     | Killed an oklob plant
  9609 | D:10     | Noticed Josephine
  9620 | D:10     | Killed from afar by Josephine

Illustrated notes

Levels and vault maps discovered:
D:1:      dpeg_arrival_short_road, layout_basic, serial_shops,
          nicolae_shop_crystal, nicolae_shop_competitors_out_of_business,
          basic_ecumenical_altar
D:2:      layout_rooms
D:3:      layout_loops_ring
D:4:      layout_rooms, mainiacjoe_overflow_tiny_flanked, gammafunk_ghost_icy,
          nicolae_stop_n_shop_2, chequers_serial_rivers_micro_b,
          uniq_crazy_yiuf_cottage
D:5:      layout_loops_ring, ebering_ghost_gozag, uniq_ijyb
D:6:      layout_basic, gammafunk_temple_overflow_statue,
          minmay_temple_entry_drinking_statues, uniq_grinder, uniq_eustachio
D:7:      layout_rooms, nicolae_uskayaw_en_pointe,
          nicolae_qazlal_style_of_elements, serial_bayou_ford_a,
          hangedman_decor_lopped, sigmund_edmund_badplayer, uniq_pikel
D:8:      layout_loops_ring, serial_shops, kennysheep_mini_moat
D:9:      layout_irregular_city, mainiacjoe_overflow_24_doors,
          gammafunk_ghost_necromancy
D:10:     layout_gridville, nicolae_overflow_two_pavilions, dpeg_oklobed_lair,
          erik_orc_4, enter_bailey_4, uniq_josephine, uniq_joseph

Skill      XL: |  1  2  3  4  5  6  7  8  9 10 11 |
---------------+----------------------------------+-----
Dodging        | 2 3 4 5 6 7 |  7.5
Fighting       | 4 5 6 7 9 11 12 | 12.8
Maces & Flails | 4 5 7 8 10 12 | 12.6
Armour         | |  2.1

Action                   |  1- 3 |  4- 6 |  7- 9 | 10-12 || total
-------------------------+-------+-------+-------+-------++-------
Melee: Mace              |    83 |       |       |       ||    83
       Punch             |     3 |     1 |     4 |     6 ||    14
       Whip              |     8 |    88 |   205 |   349 ||   650
Throw: Stone             |     5 |    30 |     3 |       ||    38
       Javelin           |       |       |       |     4 ||     4
Invok: Trog's Hand       |     1 |     1 |     4 |       ||     6
       Brothers in Arms  |       |       |       |     2 ||     2
 Abil: Dig               |       |       |     2 |       ||     2
Evoke: Wand              |       |       |     2 |       ||     2
  Use: Scroll            |    11 |     5 |     2 |     5 ||    23
       Potion            |     1 |     1 |     4 |     2 ||     8
Armor: Ring mail         |    45 |    25 |    57 |    17 ||   144
       Skin              |       |       |    12 |       ||    12
       Chain mail        |       |       |       |    89 ||    89
Dodge: Dodged            |    77 |    40 |   138 |   163 ||   418
